 Dungeon Crawl Stone Soup version 0.31-a0-152-g6aa68a64a1 (webtiles) character file.

Game seed: 17570550213938194043

52 qw the Shooter (level 3, -2/32 HPs)
             Began as a Naga Hunter on June 10, 2023.
             Slain by an orc
             ... wielding a +0 dagger
              (3 damage)
             ... on level 2 of the Dungeon.
             The game lasted 00:00:24 (1171 turns).

qw the Shooter (Naga Hunter)                        Turns: 1171, Time: 00:00:25

Health: -2/32      AC:  3    Str: 13    XL:     3   Next: 85%
Magic:  3/3        EV:  9    Int:  9    God:
Gold:   54         SH:  0    Dex: 16    Spells: 2/2 levels left

rFire   . . .        Y - +0 shortbow
rCold   . . .        (shield currently unavailable)
rNeg    . . .        c - +0 leather armour
rPois   +            (no helmet)
rElec   .            h - +0 cloak
rCorr   .            (no gloves)
SInv    +            (no barding)
Will    .....        (no amulet)
Stlth   ++           (no ring)
HPRegen 0.25/turn    (no ring)
MPRegen 0.08/turn

%: no passive effects
@: short of breath, very slow
A: AC +1, large, see invisible, deformed body, poison resistance, slowness 2,
spit poison 1, naga tail 1
a: Spit Poison


You were on level 2 of the Dungeon.
You visited 1 branch of the dungeon, and saw 2 of its levels.

You collected 54 gold pieces.


Innate Abilities, Weirdness & Mutations

Your serpentine skin is tough. (AC +1)
You have supernaturally acute eyesight. (SInv)
Armour fits poorly on your strangely shaped body.
Your system is resistant to poisons. (rPois)
You cover ground very slowly.
You can spit poison.
You have a snake-like lower body.


   Skills:
 - Level 2.0 Fighting
 + Level 4.9 Ranged Weapons
 - Level 1.5 Dodging
 - Level 1.5 Stealth


You had 2 spell levels left.
You didn't know any spells.
Your spell library was empty.

Inventory:

Hand Weapons
 Y - a +0 shortbow (weapon)
Armour
 c - a +0 leather armour (worn)
 h - a +0 cloak (worn)
Scrolls
 a - a scroll of enchant armour {unknown}
Potions
 g - a potion of enlightenment {unknown}

Dungeon Overview and Level Annotations

Branches:
Dungeon (2/15)

Altars:


Message History

You shoot an arrow. The arrow closely misses the orc.
The orc shouts!
You shoot an arrow.
The arrow hits the orc but does no damage.
The orc is moderately wounded.
You shoot an arrow.
The arrow hits the orc but does no damage.
The orc is moderately wounded.
You shoot an arrow.
The arrow hits the orc but does no damage.
The orc is heavily wounded.
The orc hits you with a +0 flail.
You shoot an arrow.
The arrow hits the orc but does no damage.
You shoot an arrow. The arrow hits the orc.
You kill the orc!
You hear a splash. x2
You have got your breath back.
The orc closely misses you. The orc hits you with a +0 flail.
1168 ||| INVOKING Spit Poison.
Aiming: Spit Poison (2% risk of failure)
Press: ? - help, Shift-Dir - straight line, f - orc The splash of poison hits the orc but does no damage.
The orc is poisoned.
The orc closely misses you. The orc hits you with a +0 dagger.
The orc barely misses you.
You shoot an arrow. The arrow closely misses the orc.
The orc hits you but does no damage. The orc barely misses you.
The orc hits you but does no damage.
You shoot an arrow. The arrow closely misses the orc.
You have got your breath back.
The orc hits you with a +0 whip. The orc hits you with a +0 flail!
The orc hits you with a +0 dagger.
1171 ||| INVOKING Spit Poison.
Aiming: Spit Poison (2% risk of failure)
Press: ? - help, Shift-Dir - straight line, f/p - orc The splash of poison misses the orc.
The orc barely misses you. The orc hits you with a +0 flail!
The orc hits you with a +0 dagger.
You die...

####.~7~~P~~~~~~~~~~~~~~~~~~~~~~7
#...#~7~~PP~~~~~~~~~~~~~~~~~P~~~~
+.#.##~PP~~~~~P~~~~~~~~~~~P~~~777
###.# #~~~~~7~P~~~~~~~~~~~7~~~~~#
#...# #777~~ ~~~P~7~~7~~~77##
#...# 77 P~~~~~~~777~~7 '...#
..7777P 777~~~7~~~7#### #...#
......)77777777#......# #...#
......o@.........####.## #...#
..)...oo########## #..# #...#
........# ##.. #...# ........#
##. ..... .#####+## #. ..... #.
#. #. #.


You could see 3 orcs.

Vanquished Creatures
  An adder (D:2)
  A worm (D:2)
  A dart slug (D:2)
  2 orcs (D:2)
  2 endoplasms
  A giant cockroach (D:1)
  3 hobgoblins
  2 jackals (D:1)
  3 kobolds
  A quokka (D:2)
  6 ball pythons (D:1)
  5 bats
  3 frilled lizards
  2 goblins (D:2)
  3 rats
36 creatures vanquished.

Notes
Turn   | Place    | Note
-------+----------+-------------------------------------------
     0 | D:1      | qw the Naga Hunter began the quest for the Orb.
     0 | D:1      | Reached XP level 1. HP: 19/19 MP: 1/1
     0 | D:1      | 0 ||| qw: Version: 0.2-a-29-g767f381
     0 | D:1      | 0 ||| qw: Game counter: 3872
     0 | D:1      | 0 ||| qw: Always use a shield: true
     0 | D:1      | 0 ||| qw: God list: Okawaru
     0 | D:1      | 0 ||| qw: Allow faded altars: false
     0 | D:1      | 0 ||| qw: Do Orc after D:15 true
     0 | D:1      | 0 ||| qw: Do second Lair branch before Depths: true
     0 | D:1      | 0 ||| qw: Lair rune preference: random
     0 | D:1      | 0 ||| qw: Plans: Normal
     0 | D:1      | 0 ||| PLANNING D:1-11
    16 | D:1      | 16 ||| INVOKING Spit Poison.
    56 | D:1      | 56 ||| INVOKING Spit Poison.
   113 | D:1      | 113 ||| INVOKING Spit Poison.
   117 | D:1      | 117 ||| INVOKING Spit Poison.
   133 | D:1      | 133 ||| INVOKING Spit Poison.
   138 | D:1      | 138 ||| INVOKING Spit Poison.
   174 | D:1      | 174 ||| INVOKING Spit Poison.
   176 | D:1      | Reached skill level 4 in Ranged Weapons
   176 | D:1      | Reached XP level 2. HP: 26/26 MP: 2/2
   181 | D:1      | 181 ||| INVOKING Spit Poison.
   216 | D:1      | 216 ||| INVOKING Spit Poison.
   239 | D:1      | 239 ||| INVOKING Spit Poison.
   245 | D:1      | 245 ||| INVOKING Spit Poison.
   251 | D:1      | 251 ||| INVOKING Spit Poison.
   255 | D:1      | 255 ||| INVOKING Spit Poison.
   347 | D:1      | 347 ||| INVOKING Spit Poison.
   515 | D:1      | 515 ||| INVOKING Spit Poison.
   539 | D:1      | 539 ||| INVOKING Spit Poison.
   646 | D:1      | 646 ||| UPGRADING to +0 cloak.
   651 | D:1      | 651 ||| READING 2 scrolls labelled IROAS FOUSOPTE.
   652 | D:1      | 652 ||| READING scroll labelled FAVUME ISCHO.
   653 | D:1      | 653 ||| READING scroll labelled KELLUAJ JOIJE.
   656 | D:1      | 656 ||| DROPPING scroll of vulnerability.
   657 | D:1      | 657 ||| DROPPING scroll of butterflies.
   706 | D:2      | 706 ||| INVOKING Spit Poison.
   711 | D:2      | Reached XP level 3. HP: 32/32 MP: 3/3
   712 | D:2      | 712 ||| INVOKING Spit Poison.
   718 | D:2      | 718 ||| INVOKING Spit Poison.
   721 | D:2      | 721 ||| INVOKING Spit Poison.
   725 | D:2      | 725 ||| INVOKING Spit Poison.
   730 | D:2      | 730 ||| INVOKING Spit Poison.
   805 | D:2      | 805 ||| INVOKING Spit Poison.
   859 | D:2      | 859 ||| INVOKING Spit Poison.
   934 | D:2      | 934 ||| INVOKING Spit Poison.
  1161 | D:2      | 1161 ||| INVOKING Spit Poison.
  1168 | D:2      | 1168 ||| INVOKING Spit Poison.
  1171 | D:2      | 1171 ||| INVOKING Spit Poison.
  1171 | D:2      | HP: 1/32 [orc/+0 flail (8)]
  1171 | D:2      | Slain by an orc

Levels and vault maps discovered:
D:1:      lightli_arrival_noodles, layout_rooms, serial_corexii_hall,
          corexii_hall_statues_t, chequers_hall_statues_corner_a,
          chequers_hall_statues_wall_a
D:2:      layout_basic, serial_bayou, serial_bayou_lake_a, serial_bayou_shore_a,
          serial_bayou_pond_d, serial_bayou_shore_b, serial_bayou_pond_b,
          kennysheep_generic_room_2

Skill      XL: |  1 |
---------------+----+-----
Ranged Weapons | 4 |  4.9
Fighting       | |  2.0
Dodging        | |  1.5
Stealth        | |  1.5

Action                     || total
---------------------------++-------
   Fire: Shortbow          ||    70
Ability: Spit Poison       ||    28
    Use: Scroll            ||     3
 Armour: Leather armour    ||    12
  Dodge: Dodged            ||    28

Table legend:
 A = Non-vault XP
 B = Vault XP
 C = Vault XP percentage of total XP
 D = Non-vault monster count
 E = Vault monster count
 F = Vault count percentage of total count
                 A         B        C        D         E       F
            +---------+---------+-------+---------+---------+-------
      Total |      65 |      10 |  13.3 |      30 |       6 |  16.7
            +---------+---------+-------+---------+---------+-------
        D:1 |      28 |       0 |   0.0 |      18 |       0 |   0.0
        D:2 |      37 |      10 |  21.3 |      12 |       6 |  33.3
            +---------+---------+-------+---------+---------+-------
